 Dungeon Crawl Stone Soup version 0.19.0-19-g8c6edcc (webtiles) character file.

4258 Lochraine the Ducker (level 10, -5/72 HPs)
             Began as an Octopode Transmuter on Nov 13, 2016.
             Was an Elder of Dithmenos.
             Slain by an orc warrior
             ... wielding a +0 hand axe
              (11 damage)
             ... on level 10 of the Dungeon.
             The game lasted 00:34:41 (9650 turns).

Lochraine the Ducker (Octopode Transmuter)          Turns: 9650, Time: 00:34:42

Health: -5/72      AC:  1    Str: 11    XL:     10   Next: 31%
Magic:  27/27      EV: 18    Int: 16    God:    Dithmenos [****..]
Gold:   371        SH:  0    Dex: 14    Spells: 4 memorised, 10 levels left

rFire  + . .     SeeInvis .     e - +1 dagger (elec)
rCold  x . .     Gourm    .     (no shield)
rNeg   . . .     Faith    +     (helmet restricted)
rPois  .         Spirit   .     s - amulet of faith
rElec  .         Reflect  .     l - ring of fire
rCorr  .         Harm     .     P - ring of magical power
MR     .....                    (no ring)
Stlth  ++++++....               (no ring)
                                (no ring)
                                (no ring)
                                (no ring)
                                (no ring)

@: flying, wreathed by umbra
A: almost no armour, stealthy swim, amphibious, 8 rings, constrict 8, camouflage
1, gelatinous body 1
a: Shadow Step, Renounce Religion


You were on level 10 of the Dungeon.
You worshipped Dithmenos.
Dithmenos was greatly pleased with you.
You were not hungry.

You visited 2 branches of the dungeon, and saw 11 of its levels.
You also visited: Sewer.

You collected 371 gold pieces.

Inventory:

Hand Weapons
 a - a +0 hunting sling
 e - a +1 dagger of electrocution (weapon)
 g - a cursed +0 short sword
 z - the +9 dagger "Podwok" {vamp, MR++}
   (You found it on level 5 of the Dungeon)

   It inflicts no extra harm, but heals its wielder when it wounds a living foe.
   It affects your resistance to hostile enchantments.
 N - the +1 long sword "Ynot" {flame, *Slow rF+ rC- rN++}
   (You found it on level 8 of the Dungeon)

   It has been specially enchanted to burn those struck by it, causing extra
   injury to most foes and up to half again as much damage against particularly
   susceptible opponents.
   Big, fiery blades are also staple armaments of hydra-hunters.
   It protects you from fire.
   It makes you vulnerable to cold.
   It greatly protects you from negative energy.
   It may slow you when you take damage.
   Dithmenos disapproves of the use of such an item.
 Q - a +0 blowgun
Missiles
 d - 113 arrows
 h - 70 poisoned needles
 j - 125 sling bullets
 n - 436 stones (quivered)
Jewellery
 l - a ring of fire (left tentacle)
 s - an amulet of faith (around mantle)
 A - an uncursed amulet of guardian spirit {unknown}
 F - a cursed amulet of inaccuracy {unknown}
 P - a ring of magical power (right tentacle)
Wands
 y - a wand of iceblast (15/15)
 L - a wand of acid (5/15)
Scrolls
 f - 2 scrolls of remove curse
 k - 12 scrolls of identify
 m - a scroll of recharging
 o - 3 scrolls of magic mapping
 p - 2 scrolls of fear {unknown}
 q - a scroll of teleportation
 r - 3 scrolls of amnesia
 u - a scroll of noise {unknown}
 w - 4 scrolls of enchant weapon {unknown}
 E - 2 scrolls of enchant armour {unknown}
Potions
 x - a potion of beneficial mutation {unknown}
 C - a potion of flight
 D - 2 potions of curing
 H - a potion of lignification {unknown}
 J - 2 potions of haste {unknown}
 K - 3 potions of ambrosia {unknown}
 M - a potion of cure mutation {unknown}
 O - a potion of mutation {unknown}
 R - 2 potions of resistance {unknown}
Books
 b - a book of Changes

   Spells                             Type                      Level
   a - Beastly Appendage              Transmutation                1
   b - Sticks to Snakes               Transmutation                2
   c - Spider Form                    Transmutation/Poison         3
   d - Ice Form                       Ice/Transmutation            4
   e - Blade Hands                    Transmutation                5
 v - a book of Necromancy

   Spells                             Type                      Level
   a - Pain                           Necromancy                   1
   b - Animate Skeleton               Necromancy                   1
   c - Vampiric Draining              Necromancy                   3
   d - Regeneration                   Charms/Necromancy            3
   e - Animate Dead                   Necromancy                   4
   f - Control Undead                 Necromancy                   4
 T - a book of Cantrips

   Spells                             Type                      Level
   a - Confusing Touch                Hexes                        1
   b - Animate Skeleton               Necromancy                   1
   c - Summon Small Mammal            Summoning                    1
   d - Apportation                    Translocation                1
Comestibles
 c - 5 bread rations
 i - 2 slices of pizza
 t - 11 chunks of flesh
 B - 3 meat rations
 I - 3 royal jellies


   Skills:
 - Level 7.6 Fighting
 - Level 4.0 Short Blades
 - Level 7.8 Dodging
 - Level 6.5 Stealth
 + Level 4.5 Unarmed Combat
 - Level 5.9 Spellcasting
 + Level 6.1 Transmutations
 * Level 2.0 Ice Magic
 - Level 3.1 Poison Magic


You had 10 spell levels left.
You knew the following spells:

 Your Spells              Type           Power        Failure   Level  Hunger
a - Beastly Appendage     Tmut           ###...       1%          1    None
b - Sticks to Snakes      Tmut           ###.....     1%          2    #......
c - Spider Form           Tmut/Pois      ###.......   8%          3    ##.....
d - Ice Form              Ice/Tmut       ###.....     28%         4    ####...


Dungeon Overview and Level Annotations

Branches:
Dungeon (10/15)            Temple (1/1) D:4
   Lair: D:8-11         Orc: D:9-12

Altars:
Ashenzari
Cheibriados
Dithmenos
Elyvilon
Gozag
Hepliaklqana
Kikubaaqudgha
Makhleb
Nemelex Xobeh
Okawaru
Qazlal
Ru
Sif Muna
Trog
Uskayaw
Vehumet
Xom
Yredelemnul

Shops:
D:4 (

Annotations:
D:2 Sigmund
D:4 1 runed door, Lochraine's ghost, novice DrFE
D:6 vev's ghost, novice TeAE


Innate Abilities, Weirdness & Mutations

You cannot wear most types of armour.
You are very stealthy in the water. (Stealth+)
You are amphibious.
You can wear up to eight rings at the same time.
You can use your tentacles to constrict eight enemies at once.
Your skin changes colour to match your surroundings (Stealth+).
Your rubbery body absorbs attacks. (AC +1, EV +1)


Message History

The orc warrior is lightly wounded.
The orc warrior misses you.
There is an open door here.
Your tentacle spike disappears.
The orc warrior hits you with a hand axe!
The troll barely misses you. The troll claws you! The troll misses you.
There is an open door here.
There is a stone staircase leading down here.
The orc warrior closely misses you.
You climb downwards.
Found a beef jerky and 10 gold pieces.
Found a stone staircase leading up.
There is a stone staircase leading up here.
It was a potion of flight.
You feel very buoyant.
You fly up into the air.
The orc warrior hits you with a hand axe!!
* * * LOW HITPOINT WARNING * * *
You feel better.
The orc warrior hits you with a hand axe!
You die...

##.......
#........
#........
#........
#........
#........
#...%....
#@o......
#....$...
#<.......
#........
#........
#........
#........
#........


You could see an orc warrior.

Vanquished Creatures
  A troll (D:9)
  Prince Ribbit (D:7)
  3 hippogriffs
  A hungry ghost (D:8)
  A water moccasin (D:7)
  A sky beast (D:7)
  An orc warrior (D:8)
  An ice beast (D:6)
  2 phantoms
  2 necrophages
  4 ogres
  A centaur (D:8)
  2 big kobolds
  2 bullfrogs
  A wyvern zombie (D:8)
  2 scorpions
  A killer bee (D:8)
  5 wights (D:7)
  4 crimson imps
  A quasit (D:5)
  3 orc priests
  A bullfrog skeleton (D:8)
  6 hounds
  2 orc wizards
  2 jellies
  3 iguanas
  8 worker ants
  A hound zombie (D:7)
  4 gnolls (D:5)
  11 adders
  2 river rats (Sewer)
  3 shadow imps
  An ooze (D:3)
  5 worms
  4 dart slugs
  5 leopard geckos
  24 orcs
  5 giant cockroaches
  11 goblins
  3 hobgoblins
  14 jackals
  10 kobolds
  3 quokkas
  2 ball pythons (D:2)
  7 bats
  4 frilled lizards
  A leopard gecko skeleton (D:8)
  A quokka zombie (D:8)
  8 rats
191 creatures vanquished.

Vanquished Creatures (collateral kills)
  The ghost of C0ssack the Vexing, an amateur SpEn of Dithmenos (D:5)
  An ogre (D:4)
  A centaur zombie (D:3)
  A worm (D:3)
  An orc (D:7)
5 creatures vanquished.

Vanquished Creatures (others)
  A leopard gecko (D:5)
1 creature vanquished.

Grand Total: 197 creatures vanquished

Notes
Turn   | Place    | Note
-------+----------+-------------------------------------------
     0 | D:1      | Lochraine the Octopode Transmuter began the quest for the Orb.
     0 | D:1      | Reached XP level 1. HP: 13/13 MP: 3/3
   326 | D:1      | Reached XP level 2. HP: 18/18 MP: 5/5
  1022 | D:2      | Reached XP level 3. HP: 23/23 MP: 6/6
  1031 | D:2      | Found a faded altar of an unknown god.
  1068 | D:2      | HP: 1/23 [poisoned by an adder]
  1394 | D:2      | Noticed Sigmund
  1449 | D:2      | Reached XP level 4. HP: 13/38 MP: 7/7
  1925 | D:2      | Reached XP level 5. HP: 42/43 MP: 6/8
  1939 | D:2      | Learned a level 2 spell: Sticks to Snakes
  2031 | D:3      | Found a basalt altar of Yredelemnul.
  2977 | D:4      | Found Diasek's Antique Weapon Emporium.
  2994 | D:4      | Found a hide-covered altar of Uskayaw.
  3103 | D:4      | Found a staircase to the Ecumenical Temple.
  3112 | Temple   | Entered the Ecumenical Temple
  3255 | Temple   | Became a worshipper of Dithmenos the Shadowed
  3366 | D:4      | Noticed Lochraine's ghost (novice DrFE)
  3400 | D:5      | Entered Level 5 of the Dungeon
  3445 | D:5      | Noticed C0ssack's ghost (amateur SpEn)
  3457 | D:5      | Killed C0ssack's ghost
  3457 | D:5      | Reached skill level 1 in Short Blades
  3457 | D:5      | Reached XP level 6. HP: 33/50 MP: 3/10
  3881 | D:5      | Found a hazy altar of Hepliaklqana.
  3883 | D:5      | Reached XP level 7. HP: 53/54 MP: 9/11
  3901 | D:5      | Got a warped dagger
  3906 | D:5      | Identified the +9 dagger "Podwok" {vamp, MR++} (You found it on level 5 of the Dungeon)
  4026 | D:5      | Found a glowing drain.
  4045 | Sewer    | Entered a sewer
  4188 | Sewer    | Reached * piety under Dithmenos
  4231 | Sewer    | Found a white marble altar of Elyvilon.
  4832 | D:4      | Found a runed door.
  5007 | D:4      | Found a snail-covered altar of Cheibriados.
  5119 | D:4      | Reached skill level 1 in Stealth
  5645 | D:5      | Reached XP level 8. HP: 61/61 MP: 11/13
  5798 | D:5      | Found a burning altar of Makhleb.
  6019 | D:5      | Reached ** piety under Dithmenos
  6363 | D:6      | Noticed vev's ghost (novice TeAE)
  6941 | D:7      | Noticed Prince Ribbit
  6945 | D:7      | Killed Prince Ribbit
  6945 | D:7      | Reached XP level 9. HP: 65/65 MP: 15/15
  6982 | D:7      | Learned a level 3 spell: Spider Form
  7016 | D:7      | Reached skill level 5 in Stealth
  7190 | D:7      | Reached skill level 1 in Poison Magic
  7622 | D:7      | Reached skill level 5 in Transmutations
  7868 | D:7      | Reached skill level 5 in Spellcasting
  7935 | D:8      | Reached *** piety under Dithmenos
  8318 | D:8      | Noticed a moth of wrath
  8321 | D:8      | Found a bloodstained altar of Trog.
  8343 | D:8      | Got a fine long sword
  8485 | D:8      | Reached XP level 10. HP: 64/72 MP: 18/18
  8673 | D:8      | Identified the cursed +1 long sword "Ynot" {flame, *Slow rF+ rC- rN++} (You found it on level 8 of the Dungeon)
  8755 | D:8      | HP: 1/72 [orc (5)]
  9415 | D:9      | Learned a level 4 spell: Ice Form
  9519 | D:9      | Reached skill level 1 in Ice Magic
  9588 | D:9      | Found a shadowy altar of Dithmenos.
  9611 | D:9      | Reached **** piety under Dithmenos
  9648 | D:10     | Entered Level 10 of the Dungeon
  9649 | D:10     | HP: 1/72 [orc warrior/hand axe (24)]
  9650 | D:10     | Slain by an orc warrior

Skill      XL: |  1  2  3  4  5  6  7  8  9 10 |
---------------+-------------------------------+-----
Fighting       | 7 |  7.6
Dodging        | 7 |  7.8
Short Blades   | 1 2 3 4 |  4.0
Spellcasting   | 3 4 5 |  5.9
Transmutations | 3 4 5 6 |  6.1
Stealth        | 2 4 6 |  6.5
Poison Magic   | 3 |  3.1
Unarmed Combat | 4 |  4.5
Ice Magic      | 2 |  2.0

Action                   |  1- 3 |  4- 6 |  7- 9 | 10-12 || total
-------------------------+-------+-------+-------+-------++-------
Melee: Unarmed           |    39 |       |    21 |       ||    60
       Constrict         |     8 |    19 |    48 |    10 ||    85
       Tentacles         |     3 |    14 |    41 |    15 ||    73
       Kick              |     4 |     7 |    16 |    13 ||    40
       Punch             |     1 |       |     4 |     2 ||     7
       Dagger            |       |    98 |   280 |    67 ||   445
 Fire: Hunting sling     |    54 |     4 |       |       ||    58
Throw: Stone             |       |     1 |     4 |     2 ||     7
 Cast: Beastly Appendage |     4 |     9 |    14 |     6 ||    33
       Sticks to Snakes  |       |     7 |    10 |     7 ||    24
       Spider Form       |       |       |     1 |       ||     1
Invok: Shadow Step       |       |       |       |     1 ||     1
Evoke: Wand              |       |       |     1 |       ||     1
  Use: Potion            |     2 |     2 |     2 |     4 ||    10
       Scroll            |       |       |     5 |     4 ||     9
 Stab: Sleeping          |     3 |     5 |    15 |     6 ||    29
  Eat: Chunk             |     1 |     8 |    13 |     4 ||    26
       Meat ration       |       |       |     1 |       ||     1
       Beef jerky        |       |       |     1 |       ||     1
       Fruit             |       |       |     2 |     1 ||     3
Armor: Skin              |     6 |     4 |    10 |     2 ||    22
Dodge: Dodged            |    48 |    74 |   207 |    70 ||   399
